AoeStats
← Nego D

Pilgrims

508110855Analyzed
2v2 RM · 12d ago on Sep 20, 2026· 23m 42s· 4 players
Game mode
Random Map
Map size
Medium (4 player)
Population
200
Speed
Normal
Resources
Standard
Victory
Conquest
Starting age
Dark Age
Ending age
Imperial Age
RankedLock teamsTeams togetherTeam positionsShared explorationLock speedFull tech treeHidden civsTurbo modeCheats
Victory
Defeat
🇺🇸 Shu · United States
1256
+15
🇧🇷 Hindustanis · Brazil
1235
+16
🇬🇧 Mapuche · United Kingdom
1281
-17
🇺🇸 Gurjaras · United States
1194
-14
Nego D
4:49 Loom
12:35 Feudal Age
13:27 Arson
13:28 Man-at-Arms
17:00 Fishing Lines
17:59 Gold Mining
18:00 Stone Mining
19:54 Double-Bit Axe
20:34 Bloodlines
24:15 Wheelbarrow
23:26 Town Watch
Tsoudbrah
9:23 Loom
11:37 Feudal Age
13:34 Town Watch
15:51 Castle Age
15:07 Fletching
15:18 Padded Archer Armor
15:14 Gold Mining
15:16 Double-Bit Axe
17:16 Bodkin Arrow
16:46 Crossbowman
20:15 Bow Saw
20:53 Thumb Ring
21:39 Leather Archer Armor
joshjng2009
14:30 Feudal Age
16:45 Town Watch
16:48 Loom
20:40 Champi Runner
21:41 Forging
21:32 Scale Mail Armor
Chamango
4:57 Loom
11:20 Feudal Age
12:28 Double-Bit Axe
12:37 Gold Mining
22:27 Castle Age
Connection lost

Rejoining the realm…

Still unreachable

The connection could not be restored.

Session expired

The server has moved on; the page needs a fresh start.